[Event "African Individual Chess-ch Open 2024"]
[Site "Accra"]
[Date "2024.03.18"]
[Round "7.9"]
[White "Amoako Philip Selikem Yao"]
[Black "Rongwane, Gomolemo"]
[Result "0-1"]
[ECO "C92"]
[WhiteElo "1848"]
[BlackElo "2021"]
[Annotator "NA RC"]
[PlyCount "76"]
[EventDate "2024.03.13"]
[EventCountry "GHA"]
[SourceTitle "playchess.com"]
[Source "ChessBase"]
[SourceQuality "1"]
[TimeControl "5400+30"]

1. e4 e5 2. Nf3 Nc6 3. Bb5 a6 4. Ba4 Nf6 5. O-O Be7 6. Re1 b5 7. Bb3 d6 8. c3 O-O 9. h3 Nb8 10. d4 Nbd7 11. Nbd2 Bb7 12. Bc2 Re8 13. d5 Bf8 14. Nf1 c6 15. dxc6 Bxc6 $11 16. Ng3 g6 17. a4 Nc5 18. axb5 axb5 19. Bg5 h6 20. Rxa8 Bxa8 21. Bxf6 Qxf6 22. Nf1 Ne6 23. Ne3 Nf4 24. Kh2 Bc6 25. g3 Ne6 26. Kg2 Ra8 27. Nd5 Qd8 28. Nb4 Bb7 29. Qd3 Ra5 30. Rd1 Qa8 31. Nd5 Bc6 32. Qe2 Kg7 33. Nh4 Ng5 34. f4 exf4 35. gxf4 Ne6 36. Qf2 Qa7 37. Qg3 Ra1 38. Rd2 Rg1+ 0-1

[Event "African Individual Chess-ch Open 2024"]
[Site "Accra"]
[Date "2024.03.18"]
[Round "7.10"]
[White "KIGIGHA, Bomo Lovet"]
[Black "Akpa Prince"]
[Result "1-0"]
[ECO "A16"]
[WhiteElo "2231"]
[BlackElo "1845"]
[Annotator "TA"]
[PlyCount "49"]
[EventDate "2024.03.13"]
[EventCountry "GHA"]
[SourceTitle "playchess.com"]
[Source "ChessBase"]
[SourceQuality "1"]
[TimeControl "5400+30"]

1. c4 Nf6 2. Nc3 g6 3. e4 d6 4. g3 Bg7 5. Bg2 e5 6. Nge2 Be6 7. d4 O-O 8. d5 {[%emt 0:00:20] White is slightly better.} Bc8 9. O-O Ne8 10. Be3 Na6 11. Qd2 f5 12. f4 {[%emt 0:01:41] White is more active.} Nf6 13. fxe5 dxe5 14. h3 {[%emt 0:04:47] Against Ng4} Nxe4 (14... Qe7 $16) 15. Nxe4 $18 (15. Bxe4 $6 fxe4 16. Kh2 (16. Nxe4 Bxh3 17. Rf2 b6 $11) 16... Qe7 17. Rxf8+ (17. Nxe4 Rxf1 18. Rxf1 Bf5 $18) 17... Qxf8 $16) 15... fxe4 16. Nc3 Bd7 (16... Qe7 {was worth a try.} 17. Rxf8+ (17. Bxe4 Bxh3 18. d6 cxd6 $11) (17. Nxe4 Bf5 $18) 17... Bxf8) 17. Nxe4 {[%emt 0:00:45] Hoping for Bg5.} (17. Bxe4 $6 Rxf1+ 18. Rxf1 Bxh3 $16) 17... Qe7 18. c5 {[%emt 0:10:24] [#] aiming for d6.} Rxf1+ (18... Bf5 {keeps fighting.} 19. b4 Kh8) 19. Rxf1 Rf8 20. d6 Rxf1+ 21. Bxf1 Qf7 (21... cxd6 $142 22. Bc4+ (22. Nxd6 Be6 $18) (22. cxd6 Qf7 $18) (22. Qxd6 Kf8 $18) 22... Kh8) 22. Ng5 {[%emt 0:00:50] White is clearly winning.} Qe8 23. Bc4+ Kh8 24. Nf7+ Kg8 25. dxc7 {[%emt 0:00:26] Black got outplayed after the opening.   Weighted Error Value: White=0.05 (flawless) /Black=0.44.  Mistake:       	---       	Black=4      Inaccurate:     	---       	Black=4      OK:         	White=7     	Black=2      Best:        	White=1     	Black=1} 1-0

[Event "African Individual Chess-ch Open 2024"]
[Site "Accra"]
[Date "2024.03.18"]
[Round "7.11"]
[White "Mhango, Banele"]
[Black "Mahamat Hachim Bachar"]
[Result "1-0"]
[ECO "D02"]
[WhiteElo "2193"]
[BlackElo "1843"]
[Annotator "RC"]
[PlyCount "77"]
[EventDate "2024.03.13"]
[EventCountry "GHA"]
[SourceTitle "playchess.com"]
[Source "ChessBase"]
[SourceQuality "1"]
[TimeControl "5400+30"]

1. Nf3 d5 2. g3 Nc6 3. d4 Bf5 4. Bg2 Nf6 5. O-O Qd7 6. Ne5 Nxe5 7. dxe5 Ne4 8. Be3 e6 9. f3 Bc5 10. Bd4 Bxd4+ 11. Qxd4 Ng5 12. h4 h6 13. hxg5 hxg5 14. c4 Bh3 15. Bxh3 Rxh3 16. Kg2 Rh6 17. Nc3 c6 18. Rh1 dxc4 19. Qxd7+ Kxd7 20. Rxh6 gxh6 21. Rh1 b5 22. Ne4 a5 23. Rxh6 Ke7 24. Rh1 Rd8 25. Nd6 Rxd6 26. exd6+ Kxd6 27. Kf2 Kc5 28. Ke3 b4 29. Kd2 a4 30. a3 Kb5 31. axb4 Kxb4 32. Kc2 c5 33. e3 f5 34. f4 gxf4 35. exf4 c3 36. bxc3+ Kc4 37. Ra1 Kb5 38. Kd3 c4+ 39. Ke3 1-0

[Event "African Individual Chess-ch Open 2024"]
[Site "Accra"]
[Date "2024.03.18"]
[Round "7.12"]
[White "Ntamatungiro, Wilfried"]
[Black "Adewole, Adeyinka Samuel"]
[Result "1-0"]
[ECO "B07"]
[WhiteElo "1905"]
[BlackElo "1935"]
[Annotator "NA RC"]
[PlyCount "63"]
[EventDate "2024.03.13"]
[EventCountry "GHA"]
[SourceTitle "playchess.com"]
[Source "ChessBase"]
[SourceQuality "1"]
[TimeControl "5400+30"]

1. e4 d6 2. d4 Nf6 3. Bd3 g6 4. f4 Bg7 5. Nf3 c6 6. O-O O-O 7. f5 Nbd7 8. e5 dxe5 9. dxe5 Nxe5 10. Nxe5 Qd4+ 11. Kh1 Qxe5 12. fxg6 hxg6 13. Nd2 Ng4 14. Nf3 Qh5 15. Qe1 e5 16. h3 f5 17. Bc4+ Kh8 18. Kg1 Nh6 19. Nxe5 f4 20. Bxf4 Rxf4 21. Nxg6+ Qxg6 22. Rxf4 Bxh3 23. Qf2 Bf5 24. c3 b5 25. Bb3 Be5 26. Rh4 Rf8 27. Rf1 Bf6 28. Rh1 Be4 29. Rh2 Qg7 30. Qe3 Bh7 31. Rxh6 Bd8 32. Rxf8+ 1-0

[Event "African Individual Chess-ch Open 2024"]
[Site "Accra"]
[Date "2024.03.18"]
[Round "7.13"]
[White "Oluka Robert Mcligeyo"]
[Black "Egbe, Kossi Thierry"]
[Result "1-0"]
[ECO "D78"]
[WhiteElo "2041"]
[BlackElo "1871"]
[Annotator "RC"]
[PlyCount "129"]
[EventDate "2024.03.13"]
[EventCountry "GHA"]
[SourceTitle "playchess.com"]
[Source "ChessBase"]
[SourceQuality "1"]
[TimeControl "5400+30"]

1. Nf3 Nf6 2. d4 g6 3. g3 d5 4. Bg2 Bg7 5. c4 c6 6. O-O O-O 7. Qb3 e6 8. Nc3 Qb6 9. c5 Qxb3 10. axb3 Na6 11. Ne5 Nd7 12. Nf3 e5 13. e3 Nb4 14. Ra4 Nc2 15. Rd1 b5 16. cxb6 Nxb6 17. Ra5 e4 18. Ne1 Nb4 19. Bd2 Na6 20. Rda1 Nd7 21. Bf1 Ndb8 22. Nc2 Bf6 23. b4 Bd8 24. R5a2 Bb6 25. b5 Nc7 26. Na4 Bb7 27. Nxb6 axb6 28. Rxa8 Bxa8 29. Bb4 Rc8 30. Ra7 cxb5 31. Bxb5 Nxb5 32. Rxa8 Nc7 33. Ra1 Nca6 34. Bc3 Rc4 35. Na3 Rc6 36. Nb5 Kf8 37. Kf1 Ke7 38. Ke2 g5 39. g4 Rh6 40. Rh1 Nc6 41. Kf1 Ncb4 42. Kg2 Nd3 43. Ra1 Nb8 44. Ra7+ Nd7 45. Nc7 Rd6 46. Na6 Ke6 47. Rb7 f5 48. Nc7+ Ke7 49. gxf5 Kd8 50. Ne6+ Ke7 51. Ra7 h6 52. f3 exf3+ 53. Kxf3 Rxe6 54. fxe6 Kxe6 55. Ra1 b5 56. b4 g4+ 57. Ke2 Nxb4 58. Bxb4 Kf5 59. Kd3 h5 60. Be1 Kg5 61. Ra5 h4 62. Rxb5 Nf6 63. e4 Nxe4 64. Rxd5+ Kf4 65. Bxh4 1-0

[Event "African Individual Chess-ch Open 2024"]
[Site "Accra"]
[Date "2024.03.19"]
[Round "8.1"]
[White "Amin, Bassem"]
[Black "Silva, David"]
[Result "1-0"]
[ECO "A16"]
[WhiteElo "2670"]
[BlackElo "2358"]
[Annotator "TA"]
[PlyCount "53"]
[EventDate "2024.03.13"]
[EventCountry "GHA"]
[SourceTitle "playchess.com"]
[Source "ChessBase"]
[SourceQuality "1"]
[TimeControl "5400+30"]

1. Nf3 Nf6 2. g3 g6 3. Bg2 Bg7 4. c4 O-O 5. Nc3 d6 6. O-O c6 7. d3 d5 8. Be3 dxc4 9. dxc4 Qa5 {[%emt 0:00:07] The position is equal.} 10. h3 Be6 (10... Ne8 $11) 11. Nd2 ({White should play} 11. Qb3 $14) 11... Nbd7 12. Qb3 Nb6 13. Rac1 Qa6 14. Ncb1 Rfd8 15. Qb4 Rd7 16. a3 Rc8 17. b3 Na8 18. Rfd1 b6 $1 19. Nf3 c5 20. Qe1 Ne4 21. Ng5 $36 {[%emt 0:00:47][%mdl 2048] White fights for an advantage.} Nxg5 22. Bxg5 Rxd1 23. Qxd1 Re8 {[%emt 0:03:05] [#]} (23... b5 $14) 24. Bc6 $1 $16 Rc8 {[%emt 0:00:08] [#]} 25. Bxe7 $1 Bxh3 $2 (25... Nc7 $16) 26. Qd5 $18 {[%emt 0:00:50][%cal Oc6b7] Black must now prevent Bb7!} Be6 27. Qh1 {[%emt 0:03:41] Weighted Error Value: White=0.08 (flawless) /Black=0.31.  Loses game:     	---       	Black=1      Mistake:       	White=1     	Black=2      Inaccurate:     	---       	Black=4      OK:         	White=10    	Black=6      Strong:       	White=2     	Black=1} 1-0

[Event "African Individual Chess-ch Open 2024"]
[Site "Accra"]
[Date "2024.03.19"]
[Round "8.2"]
[White "Bellahcene, Bilel"]
[Black "Rakotomaharo, Fy Antenaina"]
[Result "1/2-1/2"]
[ECO "C29"]
[WhiteElo "2522"]
[BlackElo "2454"]
[Annotator "TA"]
[PlyCount "80"]
[EventDate "2024.03.13"]
[EventCountry "GHA"]
[SourceTitle "playchess.com"]
[Source "ChessBase"]
[SourceQuality "1"]
[TimeControl "5400+30"]

1. e4 e5 2. Nc3 Nf6 3. f4 d5 4. fxe5 Nxe4 5. Nf3 Bc5 6. Qe2 {[%emt 0:00:04] C29: Vienna Game: 2...Nf6 3 f4.} Nxc3 7. dxc3 Nc6 8. Be3 $146 ({Predecessor:} 8. Bf4 O-O 9. Qd2 Be6 10. Bd3 Qe7 11. O-O-O Rad8 12. Qe2 b5 13. Bxb5 Na5 14. Bd3 {0-1 Kruckenhauser,A (2283)-Roebers,J (2170) Titled Tuesday intern op 26th Jan blitz 2021 (7)}) 8... Bxe3 9. Qxe3 Qe7 10. O-O-O Be6 11. h3 a6 12. Bd3 O-O-O 13. Rhf1 Kb8 14. a3 h6 15. Rde1 Rd7 16. b4 Na7 17. Nd2 a5 (17... Nc8 $11) 18. Nb3 $14 (18. bxa5 $2 Qxa3+ 19. Kd1 Qxa5 $19) 18... axb4 19. axb4 b6 20. Kd2 Rc8 $2 ({Better is} 20... Nc6 $14) 21. Rb1 ({White should try} 21. Ra1 $18) 21... Re8 (21... Qg5 $142) 22. Nd4 $16 Rdd8 (22... Qg5 $16 {was called for.}) 23. Ra1 $18 Bd7 24. Ra2 Nc6 $2 {[%emt 0:03:09] [#]} (24... Nc8 25. Rfa1 c5 (25... Qxe5 $2 26. Ra8+ Kb7 27. Ba6+ Kxa8 28. Bxc8+ Kb8 29. Qxe5 $18)) 25. Rfa1 $1 $18 Nxd4 26. Ra8+ (26. cxd4 Bc6 $16 (26... Qxb4+ $2 27. c3 $18)) 26... Kb7 27. R1a7+ Kc6 28. Rxd8 $2 (28. Qxd4 Qg5+ 29. Kd1 Qh5+ 30. Kc1 (30. g4 Bxg4+ 31. Kc1 Qxe5 $18) 30... Qg5+ 31. Kb2 Qxe5 32. Qxe5 Rxe5 33. Rxd8) 28... Rxd8 $18 29. Qxd4 (29. cxd4 Qxb4+ 30. Ke2 Qb2 $15) 29... Qg5+ 30. Kd1 Be6 31. b5+ Kd7 32. Qxb6 Ke8 $2 (32... Qxe5 33. Qc6+ Ke7 34. Qc5+ (34. Qxc7+ Qxc7 35. Rxc7+ Kd6 $16) (34. Rxc7+ Bd7 $18) 34... Qd6 35. Rxc7+ Ke8 36. Qxd6 Rxd6) 33. Qxc7 $18 Rc8 34. Qd6 Bxh3 {[%emt 0:00:09] [#]} 35. b6 $2 ({And not} 35. gxh3 Qg1+ 36. Kd2 Qg5+ 37. Kd1 (37. Ke2 Qg2+ 38. Ke3 Qxh3+ 39. Kf2 Qh2+ 40. Kf1 Qh1+ 41. Kf2 Qh2+ 42. Kf1 Qh3+ 43. Kf2 Qh2+ $11) 37... Qg1+ 38. Kd2 Qg5+ 39. Kd1 $11 (39. Ke2 Qg2+ 40. Kd1 Qg1+ $11)) (35. Qxd5 Bg4+ 36. Be2 Rd8 $16) (35. Be2 $1 $18 {And now b6 would win.} Rd8 36. Qc5 (36. Qc6+ Bd7 $18)) 35... Bg4+ $11 36. Ke1 Qe3+ 37. Kf1 Qf4+ 38. Kg1 Qe3+ $1 39. Kh1 Qc1+ $1 40. Kh2 Qf4+ 1/2-1/2

[Event "African Individual Chess-ch Open 2024"]
[Site "Accra"]
[Date "2024.03.19"]
[Round "8.3"]
[White "Ortega Amarelle, Mariano"]
[Black "Mwali, Chitumbo"]
[Result "1/2-1/2"]
[ECO "A67"]
[WhiteElo "2482"]
[BlackElo "2340"]
[Annotator "TA"]
[PlyCount "114"]
[EventDate "2024.03.13"]
[EventCountry "GHA"]
[SourceTitle "playchess.com"]
[Source "ChessBase"]
[SourceQuality "1"]
[TimeControl "5400+30"]

1. d4 Nf6 2. c4 c5 3. d5 e6 4. Nc3 exd5 5. cxd5 d6 6. e4 g6 7. f4 Bg7 8. Bb5+ Nfd7 9. a4 Qh4+ 10. g3 {[%emt 0:03:09] A67: Benoni (Dreibauern-System).} Qd8 11. Nf3 O-O 12. O-O Na6 $1 {[%emt 0:00:00][%mdl 4] im Vergleich zu 12...a6 vielversprechender.} 13. Re1 Nc7 14. Bf1 Re8 15. Bg2 Rb8 16. h3 $146 ({Predecessor:} 16. Nd2 Nf6 17. Nc4 Ng4 18. Ne2 b5 19. axb5 Nxb5 20. h3 Nf6 21. e5 Nd7 22. Nxd6 Nxd6 23. exd6 Bxb2 24. Bxb2 Rxb2 {½-½ Tikovsky,A (2202)-Nepomucky,O (2120) MOR-chT2S 0203 2002 (11)}) 16... b5 17. axb5 Nxb5 18. Nxb5 Rxb5 19. Nd2 Qc7 20. Nc4 Nb6 21. Na3 Rb4 22. Nc2 Rb3 (22... Bxb2 23. Ra2 Bc3 24. Nxb4 cxb4 25. Bd2 $16) 23. Ra3 Rb5 24. b3 c4 25. b4 Nd7 26. Be3 a5 27. bxa5 Rxa5 28. Bd4 Bxd4+ 29. Qxd4 Rxa3 30. Nxa3 Ba6 $1 31. Rc1 Nc5 32. Rc3 (32. Nxc4 $2 Nb3 33. Qf6 Bxc4 $19 (33... Nxc1 $2 34. Nxd6 Qa7+ 35. Kh2 $19)) 32... Nb3 33. Qe3 f5 34. e5 dxe5 35. d6 Qxd6 36. Nxc4 Bxc4 37. Rxc4 Na5 38. Rc5 Qb6 39. fxe5 (39. Bd5+ $11 Kg7 40. g4 (40. fxe5 $2 {verliert.} Rc8 $19)) 39... Kh8 {[%emt 0:00:16] [#]} ({Günstiger ist} 39... Nc4 $1 $15 40. Qd4 (40. Rxc4 $2 {ist das falsche Schlagen.} Qxe3+ 41. Kh2 Qxe5 $19) (40. Bd5+ Kg7 $15) 40... Nxe5) 40. e6 (40. Qf2 $1 $11) 40... Nb3 $1 $15 41. Rc3 Rxe6 42. Qxb6 Rxb6 43. Rc8+ Kg7 44. Rc7+ Kh6 45. Bd5 Nd4 46. Bg8 Rb2 47. Rxh7+ Kg5 48. Kf1 f4 49. gxf4+ Kxf4 50. Rh4+ Ke3 51. Bd5 Rf2+ 52. Kg1 Ne2+ 53. Kh1 Nf4 54. Ba8 Ra2 55. Bb7 Rb2 56. Ba8 Rb1+ 57. Kh2 Rb2+ 1/2-1/2

[Event "African Individual Chess-ch Open 2024"]
[Site "Accra"]
[Date "2024.03.19"]
[Round "8.4"]
[White "Kayonde, Andrew"]
[Black "Zhemba, Jemusse"]
[Result "1-0"]
[ECO "D02"]
[WhiteElo "2321"]
[BlackElo "2226"]
[Annotator "TA"]
[PlyCount "85"]
[EventDate "2024.03.13"]
[EventCountry "GHA"]
[SourceTitle "playchess.com"]
[Source "ChessBase"]
[SourceQuality "1"]
[TimeControl "5400+30"]

1. d4 d5 2. Nf3 e6 3. e3 Nf6 4. Nbd2 Nc6 5. Bd3 g5 6. Nxg5 {[%emt 0:01:49] Hoping for 0-0.} e5 7. dxe5 Nxe5 8. Be2 {[%emt 0:03:35] White is slightly better.} Bb4 (8... Qe7 $11) 9. c3 Bd6 10. Ngf3 Neg4 (10... Rg8 $14) 11. h3 Nxe3 12. fxe3 $18 Bg3+ 13. Kf1 Qe7 14. Bd3 {[%emt 0:00:52][%cal Oe3e4] Threatens to win with e4!} Bd7 15. Ke2 c5 16. Nf1 Nh5 {[%emt 0:01:27] This costs Black the game.} (16... Bc7 $16 {was necessary.}) 17. Nxg3 Nxg3+ 18. Kf2 Nxh1+ 19. Qxh1 O-O-O 20. Qh2 Rde8 21. Qf4 f5 22. c4 (22. Bxf5 Rhf8) 22... dxc4 23. Qxc4 Rhg8 24. Qf4 {[%emt 0:03:38] Repels Qd6} (24. b4 $2 Qg7 25. Qxc5+ Kb8 $19) 24... Qg7 25. Ne1 (25. Bxf5 $2 Qxg2+ 26. Ke1 Bxf5 27. Qxf5+ Kb8 $19) 25... c4 (25... Bc6 $142 26. Bxf5+ (26. Qxf5+ Kb8 $11) 26... Bd7) 26. Qxc4+ ({Not} 26. Bxc4 Re4 27. Bxg8 Rxf4+ 28. exf4 Qxg8 $17) 26... Kb8 27. Bd2 ({White should try} 27. Qd4 $18) 27... f4 $2 (27... Ka8 $16 28. Qf4 Qxb2) 28. Qxf4+ Ka8 29. Bc3 Qe7 {[%emt 0:00:36] [#] ...Rgf8 would now be deadly.} 30. Bf6 Qc5 31. g4 (31. Bxh7 Rgf8 $16) 31... h5 32. g5 Bxh3 33. Bh7 Rgf8 34. Bg6 Re5 35. Nf3 ({Inferior is} 35. Bxh5 Rf5 36. Nd3 Qd5 $19 (36... Rxf4+ 37. Nxf4 Bf5 38. Rd1 $17)) 35... Rd5 36. Be4 Rd7 37. Kg3 Bg4 38. Ne5 Rd2 39. Nxg4 hxg4 40. Kxg4 Qb5 41. Rc1 {[%emt 0:02:32] [#] Strongly threatening Rc7.} Rxb2 42. Bxb2 Rxf4+ 43. Kxf4 {[%emt 0:00:40] Weighted Error Value: White=0.22 (precise) /Black=0.53.  Loses game:     	---       	Black=1      Mistake:       	White=1     	Black=5      Inaccurate:     	White=1     	Black=3      OK:         	White=16    	Black=12     Best:        	White=1     	Black=1} 1-0

[Event "African Individual Chess-ch Open 2024"]
[Site "Accra"]
[Date "2024.03.19"]
[Round "8.5"]
[White "Cogan, Nicolas"]
[Black "Aikhoje, Odion"]
[Result "1/2-1/2"]
[ECO "A56"]
[WhiteElo "2070"]
[BlackElo "2215"]
[Annotator "RC"]
[PlyCount "172"]
[EventDate "2024.03.13"]
[EventCountry "GHA"]
[SourceTitle "playchess.com"]
[Source "ChessBase"]
[SourceQuality "1"]
[TimeControl "5400+30"]

1. d4 Nf6 2. c4 c5 3. d5 a6 4. Nf3 d6 5. Qc2 e5 6. dxe6 Bxe6 7. e4 Nc6 8. Bg5 Be7 9. a3 h6 10. Bh4 Ng4 11. Bxe7 Qxe7 12. Be2 Nge5 13. Nbd2 g5 14. O-O g4 15. Ne1 Nd4 16. Qd1 Qg5 17. Kh1 Rg8 18. Nc2 Rc8 19. Nxd4 cxd4 20. Nb3 d3 21. Bxd3 Nxd3 22. Qxd3 Bxc4 23. Qc3 Be6 24. Qb4 Qb5 25. Qxb5+ axb5 26. Nd4 Bd7 27. Rfd1 Rg5 28. Rd2 Re5 29. Ne2 Rxe4 30. Nc3 Re6 31. Rad1 Rc5 32. Rxd6 Rxd6 33. Rxd6 Re5 34. Rd1 Bc6 35. Kg1 Ke7 36. Kf1 Ke6 37. Rd2 Rh5 38. Kg1 Rc5 39. Kf1 Rc4 40. Na2 h5 41. Nc3 b4 42. axb4 Rxb4 43. Ne2 Ke5 44. Nc1 Ra4 45. Nd3+ Kf5 46. Rc2 Rd4 47. Rc5+ Ke4 48. Ne1 Rb4 49. f3+ gxf3 50. gxf3+ Kd4 51. Rc2 Rb3 52. Kf2 h4 53. Rd2+ Kc4 54. Kg2 Rb5 55. Kh3 Re5 56. Ng2 Bxf3 57. Nxh4 Bd5 58. Kg3 b5 59. Nf3 Re3 60. Rf2 Kb3 61. h4 b4 62. h5 Ka2 63. h6 f6 64. Kf4 Re8 65. Kf5 Rh8 66. Kg6 Be4+ 67. Kh5 Rd8 68. Kg4 Bh7 69. Re2 Rg8+ 70. Kf4 Rg6 71. Rh2 b3 72. Nd4 Rg8 73. Rh3 Rb8 74. Rh2 Re8 75. Kf3 Rc8 76. Ke3 Rc7 77. Rf2 Rf7 78. Nb5 Bc2 79. Nd6 Re7+ 80. Kd4 Kxb2 81. Nc4+ Ka2 82. Rxf6 Ra7 83. Kc3 Bh7 84. Rf2+ Bc2 85. Rf6 Bh7 86. Rf2+ Bc2 1/2-1/2

[Event "African Individual Chess-ch Open 2024"]
[Site "Accra"]
[Date "2024.03.19"]
[Round "8.6"]
[White "Paiva, Donaldo"]
[Black "KIGIGHA, Bomo Lovet"]
[Result "1/2-1/2"]
[ECO "E04"]
[WhiteElo "2172"]
[BlackElo "2231"]
[Annotator "TA"]
[PlyCount "125"]
[EventDate "2024.03.13"]
[EventCountry "GHA"]
[SourceTitle "playchess.com"]
[Source "ChessBase"]
[SourceQuality "1"]
[TimeControl "5400+30"]

1. d4 Nf6 2. c4 e6 3. Nf3 d5 4. g3 dxc4 5. Bg2 a6 6. Qc2 {[%emt 0:00:00] E04: Open Catalan: 5 Nf3.} b5 7. a4 Bb7 8. Nbd2 Nc6 9. O-O Nb4 10. Qb1 Be7 $146 ({Predecessor:} 10... c5 11. b3 c3 12. Ba3 cxd2 13. Nxd2 Bxg2 14. Kxg2 cxd4 15. Nf3 Rc8 16. Rd1 Nc6 17. Bxf8 Kxf8 18. e3 Qd5 19. exd4 g5 20. Qc1 g4 21. Qh6+ Ke7 {0-1 Bartos,V (1809)-Vlkova,A (1973) Ricany op-A 2019 (4)}) 11. Rd1 c5 12. e3 O-O 13. axb5 axb5 14. Ra3 Ra6 15. Rxa6 Qb8 $4 {[%emt 1:22:54][%mdl 8192] [#]} ({Much less strong is} 15... Bxa6 16. Ne4 $19) (15... Nxa6 $19 16. Qa1 Qa8) 16. Ra8 $4 (16. Rb6 $3 $18 ) 16... Qxa8 $19 17. dxc5 Ne4 $2 (17... Bxc5 18. Nh4 Bxg2 19. Nxg2 Rd8) 18. c6 $19 Nxd2 (18... Bxc6 $19 19. Nd4 Nxd2 20. Nxc6 Nxb1 21. Nxe7+ Kh8 22. Bxa8 Rxa8) 19. cxb7 $15 Nxb1 20. bxa8=Q Rxa8 21. Ne5 {[%emt 0:00:00] [#]} (21. Nd4 $15 Rd8 22. Rf1) 21... Rc8 ({Better is} 21... Rd8 $1 $17 22. Rf1 Nd2 23. Bxd2 Rxd2) 22. Be4 $1 $11 c3 23. Bxb1 c2 24. Bxc2 $1 Rxc2 25. b3 (25. Bd2 $1 $11 Nd5 (25... Rxb2 26. Bxb4 Rxb4 27. Nc6 $14) 26. Nd3) 25... Nd5 (25... f6 $15 26. Nf3 Nc6) 26. Bd2 $11 f5 27. Ba5 (27. Be1 $11 {keeps the balance.}) 27... Ra2 (27... b4 $17) 28. Nc6 Bc5 29. b4 Bf8 30. Nd4 Nxb4 31. Bxb4 Bxb4 32. Nxb5 Kf7 33. Rc1 Kf6 34. Nd4 Kf7 ({Black should try} 34... Ra6 $11) 35. Rc7+ $1 $14 Kf6 $1 36. Kf1 (36. Rc6 $14) 36... Ra6 $11 37. h4 h6 38. f4 Bd6 39. Rd7 Bc5 40. Ke2 g5 41. hxg5+ hxg5 42. Nf3 Ra2+ 43. Rd2 Rxd2+ 44. Kxd2 Bb4+ 45. Ke2 g4 46. Ne5 Bc3 47. Nd3 Ke7 48. e4 Kd6 49. exf5 exf5 50. Ke3 Kd5 51. Ke2 Bd4 52. Ne1 Ke4 53. Ng2 Bb6 54. Nh4 Bc7 55. Ng2 Bb8 56. Nh4 Bc7 57. Ng2 Bb6 58. Nh4 Bg1 59. Ng2 Bc5 60. Nh4 Bd6 61. Ng2 Bc7 62. Nh4 Bxf4 63. gxf4 1/2-1/2

[Event "African Individual Chess-ch Open 2024"]
[Site "Accra"]
[Date "2024.03.19"]
[Round "8.7"]
[White "ONOKPITE, Kennedy"]
[Black "Abdulraheem Abdulrahman Akinto"]
[Result "0-1"]
[ECO "D02"]
[WhiteElo "2101"]
[BlackElo "2229"]
[Annotator "TA"]
[PlyCount "87"]
[EventDate "2024.03.13"]
[EventCountry "GHA"]
[SourceTitle "playchess.com"]
[Source "ChessBase"]
[SourceQuality "1"]
[TimeControl "5400+30"]

1. d4 Nf6 2. Bf4 d5 3. e3 e6 4. Nd2 c5 5. c3 Nc6 6. Ngf3 Bd6 7. Bg3 O-O 8. Bd3 b6 9. e4 {[%emt 0:01:26] Bxd6 is the strong threat.} Be7 10. e5 Nh5 11. a3 {[%emt 0:00:38] The position is equal.} g6 12. O-O a5 13. Qe2 c4 14. Bc2 b5 15. Qe3 Kg7 (15... Bd7 $142) 16. Bf4 ({White should play} 16. h4 $11) 16... Nxf4 $15 17. Qxf4 Bd7 18. Rfe1 b4 19. Nf1 bxc3 (19... f5 $15) 20. bxc3 $11 Rb8 21. h4 Rb2 22. Ne3 h5 23. Bd1 (23. Reb1 $14 Qb8 24. g4) 23... a4 {[%emt 0:02:15] Active counter play!} 24. Ng5 (24. Bxa4 Nxd4 25. cxd4 Bxa4 $17) (24. g4 $1 $11) 24... f6 (24... Na5 $1 $15 25. Bc2 Nb3) 25. exf6+ Rxf6 26. Qg3 Rfxf2 {[%emt 0:04:20] White must now prevent ...Bc8.} 27. Nf3 $2 {[%emt 0:00:32] Excellent horsemanship. Loses the game.} (27. Bxa4 $11 {and White stays safe.} Qb8 28. Qxb8 Nxb8 29. Bxd7 Nxd7 (29... Bxg5 30. Bxe6 Bxe3 31. Rxe3 $11) 30. a4 (30. Nxe6+ Kh6 $11)) 27... Qb8 $36 {[%emt 0:04:16][%mdl 2048] Black is in control.} 28. Qxb8 Nxb8 29. Nxd5 $2 (29. Ng5) 29... Rxg2+ $19 30. Kh1 {[%emt 0:00:05] [#]} Bxh4 31. Nxh4 (31. Ne3 Bxe1) 31... Rh2+ 32. Kg1 Rxh4 33. Nb4 Rh3 34. Rc1 Rg3+ 35. Kf1 e5 36. Re2 Rxe2 37. Bxe2 exd4 38. cxd4 Rxa3 39. Rc2 (39. Bxc4 $142 h4 40. d5) 39... c3 {And now ...Bf5 would win. Black is clearly winning.} 40. Rxc3 Rb3 (40... Rxc3 $142 41. Ke1 a3) 41. Rc4 a3 {[%emt 0:00:51][%cal Ob3b4] Threatens to win with ...Rxb4!} 42. d5 {[%emt 0:00:00] [#]} Rxb4 $1 43. Kf2 (43. Rc3 a2) 43... a2 44. Rxb4 {[%emt 0:00:00] Weighted Error Value: White=0.73/Black=0.38.  Loses game:     	White=1     	---        Mistake:       	White=5     	Black=3      Inaccurate:     	White=4     	Black=3      OK:         	White=8     	Black=14     Best:        	White=3     	Black=2} 0-1